cohdb
Replays
Latest Replays
All Replays
Popular Replays
Top Player Replays
Match Explorer
How It Works
Community
CoH3 Stats
Reddit
Sign in to upload your games and track your stats! →
Sign in with Steam
Match 39727083
Unlisted
Match 39727083
Overview
Messages
Build Orders
End
Vickers Machine Gun Team
Construct Section Command Post
ML 3-inch Mortar Team
Infantry Section
Infantry Section
Selects Air and Sea Battlegroup
Selects Supply Surplus
Construct Field Infirmary
Forward Retreat Point
Construct Platoon Command Post
6-pounder Anti-tank Gun Team
Construct Resource Cache
Construct Resource Cache
Construct Resource Cache
Construct Resource Cache
Construct Resource Cache
Construct Company Command Post
Unlock M3 Grant Medium Tanks
M3 Grant Medium Tank
M3 Grant Medium Tank
Selects Commando Section Paradrop
Selects Commando Support Section Paradrop
Armored Vehicle Training
Selects Anti-tank Rocket Loiter
M3 Grant Medium Tank
Royal Engineer Section
Selects UNKNOWN (223837)
M3 Grant Medium Tank
Anti-tank Rocket Loiter
Commando Support Section Paradrop
Infantry Training
yylyoo
PÖRR8
naru
请您倾目与我
insane
777
快放我出去吃人
skopcak
0
0
Comments
sign in to comment!
No comments posted yet!